 Dungeon Crawl Stone Soup version 0.29-a0-542-g075992c915 (webtiles) character file.

Game seed: 53648697969504342

239 happo123 the Sneak (level 6, -3/35 HPs)
             Began as a Kobold Enchanter on June 3, 2022.
             Was an Initiate of Wu Jian.
             Killed themself with a badly aimed iceblast (6 damage)
             ... on level 4 of the Dungeon.
             The game lasted 00:09:46 (4668 turns).

happo123 the Sneak (Kobold Enchanter)               Turns: 4668, Time: 00:09:48

Health: -3/35      AC: -5    Str: 11    XL:     6   Next: 29%
Magic:  0/10       EV: 15    Int: 19    God:    Wu Jian [......]
Gold:   166        SH:  0    Dex: 15    Spells: 3/11 levels left

rFire   . . .      SeeInvis .   p - +2 dagger (holy)
rCold   . . .      Faith    .   (no shield)
rNeg    . . .      Spirit   .   b - +0 robe
rPois   +          Reflect  .   (no helmet)
rElec   .          Harm     .   (no cloak)
rCorr   .          Rampage  .   s - +0 pair of gloves
Will    .....                   (no boots)
Stlth   ++++......              (no amulet)
HPRegen 0.11/turn               d - +6 ring of strength
MPRegen 0.12/turn               j - ring of poison resistance

@: corroded
A: small, no large weapons, nightstalker 3
a: Renounce Religion


You were on level 4 of the Dungeon.
You worshipped Wu Jian.
Wu Jian was noncommittal.
You visited 2 branches of the dungeon, and saw 5 of its levels.

You collected 166 gold pieces.

Inventory:

Hand Weapons
 a - a +1 dagger
 p - a +2 dagger of holy wrath (weapon)
Armour
 b - a +0 robe (worn)
 s - a +0 pair of gloves (worn)
Jewellery
 d - a +6 ring of strength (left hand)
 j - a ring of poison resistance (right hand)
Wands
 o - a wand of flame (25)
 t - a wand of iceblast (8)
Scrolls
 e - a scroll of fear {unknown}
 f - a scroll of acquirement {unknown}
 g - a scroll of poison {unknown}
 i - 5 scrolls of identify {unknown}
 l - a scroll of teleportation {unknown}
 m - a scroll of noise {unknown}
Potions
 c - 2 potions of invisibility
 h - a potion of heal wounds {unknown}
 k - a potion of degeneration {unknown}
 n - a potion of might {unknown}
 q - a potion of brilliance {unknown}
 r - a potion of berserk rage {unknown}


   Skills:
 + Level 1.8 Fighting
 + Level 3.0 Short Blades
 + Level 3.5 Dodging
 + Level 5.1 Stealth
 + Level 3.0 Spellcasting
 * Level 4.5 Hexes


You had 3 spell levels left.
You knew the following spells:

 Your Spells              Type           Power      Damage    Failure   Level
a - Ensorcelled Hibernat  Hex/Ice        22%        N/A       9%          2
b - Confusing Touch       Hex            19%        N/A       7%          3
c - Tukima's Dance        Hex            19%        N/A       7%          3

Your spell library contained the following spells:

 Spells                   Type           Power      Damage    Failure   Level
 Beastly Appendage        Tmut           4%         N/A       16%         1
 Dazzling Flash           Conj/Hex       22%        N/A       19%         3
 Scorch                   Fire           4%         2d5       22%         2
 Wereblood                Tmut           2%         N/A       22%         2
 Spider Form              Tmut/Pois      2%         N/A       41%         3
 Flame Wave               Conj/Fire      2%         2d4       83%         4
 Yara's Violent Unravell  Hex/Tmut       5%         3d4       86%         5
 Summon Cactus Giant      Summ           1%         N/A       100%        6
 Enfeeble                 Hex            9%         N/A       100%        7


Dungeon Overview and Level Annotations

Branches:
Dungeon (4/15)             Temple (1/1) D:4

Altars:
Ashenzari
Dithmenos
Elyvilon
Hepliaklqana
Kikubaaqudgha
Makhleb
Nemelex Xobeh
Okawaru
Ru
Sif Muna
Trog
Uskayaw
Vehumet
Wu Jian
Yredelemnul
Zin
The Shining One

Shops:
D:1 !


Innate Abilities, Weirdness & Mutations

You are small and have problems with some larger weapons.
You are completely attuned to the shadows.


Message History

You hit the jelly. The acid corrodes you!
Your hands burn!
The jelly is lightly wounded.
The jelly misses you.
The jelly hits itself.
You hit the jelly.
Your hands burn!
The jelly is moderately wounded.
You hit the jelly.
Your hands burn!
The jelly is moderately wounded.
The jelly barely misses you.
You strike the helpless jelly from behind!
You puncture the jelly!
Your hands burn!
* * * LOW HITPOINT WARNING * * *
The jelly is severely wounded.
You hit the jelly but do no damage. The acid corrodes you!
Your hands burn!
* * * LOW HITPOINT WARNING * * *
The jelly is severely wounded.
Aiming: Ensorcelled Hibernation (safe; 9% risk of failure)
Press: ? - help, Q - select action, (/) - cycle Shift-Dir - straight line, f/p - jelly
Aim: a jelly (severely wounded, confused, chance to affect: 53%)
The jelly resists with significant effort.
You hit the jelly but do no damage.
Your hands burn!
* * * LOW HITPOINT WARNING * * *
The jelly is severely wounded.
You hit the jelly but do no damage.
Your hands burn!
* * * LOW HITPOINT WARNING * * *
The jelly is severely wounded.
You hit the jelly but do no damage.
Your hands burn!
* * * LOW HITPOINT WARNING * * *
The jelly is severely wounded.
The jelly closely misses you.
The jelly hits itself.
Your magical contamination has completely faded away.
Aiming: Iceblast
Press: ? - help, Shift-Dir - straight line, p - jelly That beam is likely to hit you.
Continue anyway? [Y]es or [N]o only, please.
That beam is likely to hit you.
Continue anyway?
The mass of ice explodes!
The iceblast engulfs the jelly!
You kill the jelly!
The Council accepts your kill. The iceblast engulfs you.
You die...

#..#...........#......
#..#.......#####......
#..#.......#..........
#..#.......#..........
.....#..#.......#..........
.....#..#.......#..........
.....#..#.......#..........
.....#.##.......#..........
..........@.....#..........
................#..........
................'..........
................#..........
.....############..........
.....#...#.....#...........
...............#...........
....#...#......#...........
.....#.#.......##..........


There were no monsters in sight!

Vanquished Creatures
  An orc priest (D:3)
  2 jellies (D:4)
  An orc wizard (D:4)
  8 adders
  2 worms (D:2)
  2 dart slugs (D:3)
  7 orcs
  7 ball pythons
  3 endoplasms
  A giant cockroach (D:3)
  6 goblins
  6 hobgoblins
  A jackal (D:3)
  5 kobolds
  9 bats
  3 frilled lizards
  6 rats
70 creatures vanquished.

Notes
Turn   | Place    | Note
-------+----------+-------------------------------------------
     0 | D:1      | happo123 the Kobold Enchanter began the quest for the Orb.
     0 | D:1      | Reached XP level 1. HP: 10/10 MP: 3/3
   277 | D:1      | Found Ysutzattu's Distillery.
   452 | D:1      | Reached XP level 2. HP: 15/15 MP: 5/5
   455 | D:1      | Learned a level 2 spell: Ensorcelled Hibernation
  1075 | D:2      | Reached XP level 3. HP: 20/20 MP: 6/6
  1079 | D:2      | Learned a level 3 spell: Confusing Touch
  1621 | D:2      | Reached XP level 4. HP: 23/24 MP: 2/7
  1682 | D:2      | Reached skill level 1 in Fighting
  2511 | D:3      | Reached XP level 5. HP: 29/29 MP: 1/9
  2516 | D:3      | Learned a level 3 spell: Tukima's Dance
  3072 | D:3      | Found a faded altar of an unknown god.
  3528 | D:4      | Reached XP level 6. HP: 26/34 MP: 1/10
  3638 | D:4      | Reached skill level 5 in Stealth
  4280 | D:4      | Found an ancient bone altar of Kikubaaqudgha.
  4485 | D:4      | Found a staircase to the Ecumenical Temple.
  4491 | Temple   | Entered the Ecumenical Temple
  4503 | Temple   | Became a worshipper of the Wu Jian Council
  4668 | D:4      | Killed themself with a badly aimed iceblast

Illustrated notes

Levels and vault maps discovered:
D:1:      sevenhm_arrival_forest_fort_large_4, layout_loops_ring, serial_shops,
          shop
D:2:      layout_basic
D:3:      layout_basic, ebering_ecumenical_altar_hall, minmay_mini_jars
D:4:      layout_gridville, kennysheep_mini, minmay_temple_entry_crystal_x
Temple:   nicolae_temple_x_marks_the_god

Skill      XL: |  1  2  3  4  5  6 |
---------------+-------------------+-----
Short Blades   | 2 3 |  3.0
Fighting       | 1 |  1.8
Dodging        | 3 |  3.5
Hexes          | 4 |  4.5
Stealth        | 5 |  5.1
Spellcasting   | 3 |  3.0

Action                   |  1- 3 |  4- 6 || total
-------------------------+-------+-------++-------
Melee: Dagger            |    42 |   104 ||   146
 Cast: Ensorcelled Hiber |     9 |    34 ||    43
       Confusing Touch   |       |     5 ||     5
 Stab: Sleeping          |    19 |    35 ||    54
       Confused          |       |     3 ||     3
Armor: Robe              |     7 |    15 ||    22
Dodge: Dodged            |    22 |    72 ||    94

Table legend: (Time is in decaauts)
 A = Elapsed time spent in this place.
 B = Non-inter-level travel time spent in this place.
 C = Inter-level travel time spent in this place.
 D = Time resting spent in this place.
 E = Time spent auto-exploring this place.
 F = Levels seen in this place.
 G = Mean time per level.
                   A        B        C        D        E       F      G
               +--------+--------+--------+--------+--------+-----+--------+
         Total |   4648 |   4448 |    200 |    251 |   3627 |   5 |  929.6 |
       Dungeon |   4538 |   4351 |    187 |    251 |   3544 |   4 | 1134.5 |
        Temple |    110 |     97 |     13 |      0 |     83 |   1 |  110.0 |
               +--------+--------+--------+--------+--------+-----+--------+

Top non-repeatable levels by time:
     D:3: 1547 daAuts
     D:1: 1106 daAuts
     D:2: 990 daAuts
     D:4: 893 daAuts
  Temple: 110 daAuts
